TOP OF THE 1ST |
Connetquot Chiefs batting - Pitching for Athletic Club KC U-21 : RHP Tetsunori Ikarashi
|
Pitching: RHP Tetsunori Ikarashi
|
|
Batting: LHB Travis Grigor
|
0-0: Called Strike 0-1: Foul Ball, location: 2F 0-2: Ball 1-2: Ground out 1-3 (Groundball, P)
|
Batting: LHB Carlos Campos
|
0-0: Ball 1-0: Ball 2-0: Called Strike 2-1: SINGLE (Groundball, 34D)
|
Batting: LHB Divine Diablo
|
0-0: Swinging Strike 0-1: Fly out, F1 (Line Drive, 13)
|
Batting: RHB Dan Chrzan
|
0-0: Fly out, F8 (Flyball, 78S)
|
Top of the 1st over - 0 runs, 1 hit, 0 errors, 1 left on base; Connetquot 0 - Athletic Club KC 0 |
BOTTOM OF THE 1ST |
Athletic Club KC U-21 batting - Pitching for Connetquot Chiefs : RHP Júlio González
|
Pitching: RHP Júlio González
|
|
Batting: RHB Mario Truxillo
|
0-0: Ball 1-0: Foul Ball, location: 2F 1-1: Fly out, F7 (Line Drive, 78S)
|
Batting: RHB Bing-zhong Wu
|
0-0: Called Strike 0-1: SINGLE (Groundball, 56D)
|
Batting: RHB José Hernández
|
0-0: Ball 1-0: Called Strike 1-1: Grounds into double play, 1-6-3 (Groundball, 13)
|
Bottom of the 1st over - 0 runs, 1 hit, 0 errors, 0 left on base; Connetquot 0 - Athletic Club KC 0 |
TOP OF THE 2ND |
Connetquot Chiefs batting - Pitching for Athletic Club KC U-21 : RHP Tetsunori Ikarashi
|
Batting: RHB Héctor Amaya
|
0-0: Foul Ball, location: 2F 0-1: SINGLE (Groundball, 6MD)
|
Batting: RHB Louis Teague
|
0-0: Called Strike 0-1: Ball 1-1: Called Strike 1-2: Strikes out looking
|
Batting: LHB Brad Mosley
|
0-0: Ball 1-0: Swinging Strike 1-1: Swinging Strike 1-2: Strikes out swinging
|
Batting: RHB Domingo Morín
|
0-0: Called Strike Héctor Amaya is caught stealing 2nd base
|
Top of the 2nd over - 0 runs, 1 hit, 0 errors, 0 left on base; Connetquot 0 - Athletic Club KC 0 |
BOTTOM OF THE 2ND |
Athletic Club KC U-21 batting - Pitching for Connetquot Chiefs : RHP Júlio González
|
Batting: LHB Loo Liu
|
0-0: Called Strike 0-1: Foul Ball, location: 2F 0-2: Ball 1-2: Strikes out swinging
|
Batting: RHB Jihan Tuah
|
0-0: Ball 1-0: Ground out 5-3 (Groundball, 5)
|
Batting: RHB Jon Hall
|
0-0: Ball 1-0: Called Strike 1-1: Ball 2-1: Foul Ball, location: 2F 2-2: SINGLE (Groundball, 56D)
|
Batting: RHB Gabriel Camparán
|
0-0: Swinging Strike 0-1: Ball Wild Pitch! Jon Hall to second 1-1: Ball 2-1: Ball 3-1: Foul Ball, location: 2F 3-2: Strikes out looking
|
Bottom of the 2nd over - 0 runs, 1 hit, 0 errors, 1 left on base; Connetquot 0 - Athletic Club KC 0 |
TOP OF THE 3RD |
Connetquot Chiefs batting - Pitching for Athletic Club KC U-21 : RHP Tetsunori Ikarashi
|
Batting: RHB Domingo Morín
|
0-0: Ball 1-0: Ground out 6-3 (Groundball, 6)
|
Batting: RHB António Ortíz
|
0-0: Called Strike 0-1: Swinging Strike 0-2: Ball 1-2: Ball 2-2: Foul Ball, location: 2F 2-2: Foul Ball, location: 2F 2-2: Foul Ball, location: 2F 2-2: Ball 3-2: Foul Ball, location: 2F 3-2: Strikes out looking
|
Batting: LHB Travis Grigor
|
0-0: Swinging Strike 0-1: Swinging Strike 0-2: Foul Ball, location: 2F 0-2: Ball 1-2: Foul Ball, location: 2F 1-2: Foul Ball, location: 2F 1-2: Ball 2-2: Foul Ball, location: 2F 2-2: Foul Ball, location: 2F 2-2: Strikes out swinging
|
Top of the 3rd over - 0 runs, 0 hits, 0 errors, 0 left on base; Connetquot 0 - Athletic Club KC 0 |
BOTTOM OF THE 3RD |
Athletic Club KC U-21 batting - Pitching for Connetquot Chiefs : RHP Júlio González
|
Batting: RHB Bobby McFillin
|
0-0: Swinging Strike 0-1: Ball 1-1: Ball 2-1: Foul Ball, location: 2F 2-2: Strikes out swinging
|
Batting: RHB Juan Jose Rangel
|
0-0: Foul Ball, location: 2F 0-1: Foul Ball, location: 2F 0-2: DOUBLE (Line Drive, 9D)
|
Batting: RHB Mario Truxillo
|
0-0: Ball 1-0: Ball 2-0: Fly out, F9 (Line Drive, 9D) Runner from 2nd tags up, SAFE at 3rd, no throw
|
Batting: RHB Bing-zhong Wu
|
0-0: Called Strike 0-1: Ball 1-1: Ball 2-1: Swinging Strike 2-2: Ball 3-2: 2-RUN HOME RUN (Flyball, 9LD), Distance : 363 ft
|
Batting: RHB José Hernández
|
0-0: Foul Ball, location: 2F 0-1: Foul Ball, location: 2F 0-2: Ground out 5-3 (Groundball, 56)
|
Bottom of the 3rd over - 2 runs, 2 hits, 0 errors, 0 left on base; Connetquot 0 - Athletic Club KC 2 |
TOP OF THE 4TH |
Connetquot Chiefs batting - Pitching for Athletic Club KC U-21 : RHP Tetsunori Ikarashi
|
Batting: LHB Carlos Campos
|
0-0: Swinging Strike 0-1: Foul Ball, location: 2F 0-2: Ball 1-2: Foul Ball, location: 2F 1-2: Foul Ball, location: 2F 1-2: Foul Ball, location: 2F 1-2: Strikes out looking
|
Batting: LHB Divine Diablo
|
0-0: Ball 1-0: Foul Ball, location: 2F 1-1: Foul Ball, location: 2F 1-2: SINGLE (Line Drive, 89S)
|
Batting: RHB Dan Chrzan
|
0-0: Ball 1-0: SINGLE (Flyball, 89S) Divine Diablo to second Runner from 2nd tries for 3rd, SAFE, no throw
|
Batting: RHB Héctor Amaya
|
0-0: Called Strike 0-1: Called Strike 0-2: Strikes out swinging
|
Batting: RHB Louis Teague
|
0-0: Ball 1-0: Called Strike 1-1: Swinging Strike 1-2: Single, Error in OF, E9, batter to second base Divine Diablo scores Dan Chrzan to third
|
Batting: LHB Brad Mosley
|
0-0: Ball 1-0: Ground out 4-3 (Groundball, 34)
|
Top of the 4th over - 1 run, 3 hits, 1 error, 2 left on base; Connetquot 1 - Athletic Club KC 2 |
BOTTOM OF THE 4TH |
Athletic Club KC U-21 batting - Pitching for Connetquot Chiefs : RHP Júlio González
|
Batting: LHB Loo Liu
|
0-0: Swinging Strike 0-1: Ball 1-1: SINGLE (Groundball, 56D)
|
Batting: RHB Jihan Tuah
|
0-0: Fly out, F5 (Popup, 5SF)
|
Batting: RHB Jon Hall
|
0-0: Foul Ball, location: 2F 0-1: Fly out, F9 (Flyball, 9D)
|
Batting: RHB Gabriel Camparán
|
0-0: Called Strike 0-1: Ball 1-1: Ball 2-1: Fly out, F8 (Flyball, 8RD)
|
Bottom of the 4th over - 0 runs, 1 hit, 0 errors, 1 left on base; Connetquot 1 - Athletic Club KC 2 |
TOP OF THE 5TH |
Connetquot Chiefs batting - Pitching for Athletic Club KC U-21 : RHP Tetsunori Ikarashi
|
Batting: RHB Domingo Morín
|
0-0: Called Strike 0-1: Called Strike 0-2: Foul Ball, location: 2F 0-2: Ball 1-2: Strikes out swinging
|
Batting: RHB António Ortíz
|
0-0: Foul Ball, location: 2F 0-1: Ball 1-1: Ground out 5-3 (Groundball, 5L)
|
Batting: LHB Travis Grigor
|
0-0: Ball 1-0: Ball 2-0: Reached on error, E3 (Groundball, 34S)
|
Batting: LHB Carlos Campos
|
0-0: Called Strike Travis Grigor steals 2nd base 0-1: Ball 1-1: Called Strike 1-2: Strikes out swinging
|
Top of the 5th over - 0 runs, 0 hits, 1 error, 1 left on base; Connetquot 1 - Athletic Club KC 2 |
BOTTOM OF THE 5TH |
Athletic Club KC U-21 batting - Pitching for Connetquot Chiefs : RHP Júlio González
|
Batting: RHB Bobby McFillin
|
0-0: Called Strike 0-1: Foul Ball, location: 2F 0-2: Strikes out swinging
|
Batting: RHB Juan Jose Rangel
|
0-0: Ball 1-0: Swinging Strike 1-1: Foul Ball, location: 2F 1-2: Ball 2-2: Ball 3-2: Strikes out looking
|
Batting: RHB Mario Truxillo
|
0-0: SINGLE (Line Drive, 7LS)
|
Batting: RHB Bing-zhong Wu
|
0-0: Reached on error, E4 (Groundball, 4MS) Mario Truxillo to third
|
Batting: RHB José Hernández
|
0-0: Ball 1-0: Called Strike 1-1: Ball 2-1: Ground out U3 (Groundball, 34)
|
Bottom of the 5th over - 0 runs, 1 hit, 1 error, 2 left on base; Connetquot 1 - Athletic Club KC 2 |
TOP OF THE 6TH |
Connetquot Chiefs batting - Pitching for Athletic Club KC U-21 : RHP Tetsunori Ikarashi
|
Batting: LHB Divine Diablo
|
0-0: Called Strike 0-1: DOUBLE (Line Drive, 8RXD)
|
Batting: RHB Dan Chrzan
|
0-0: Swinging Strike 0-1: Ball 1-1: Called Strike 1-2: Strikes out swinging
|
Batting: RHB Héctor Amaya
|
0-0: Ball 1-0: Ball 2-0: Ball 3-0: Base on Balls
|
Pitching: RHP César Muńóz
|
|
Batting: RHB Louis Teague
|
0-0: Ball 1-0: Hit by Pitch Divine Diablo to third Héctor Amaya to second
|
Batting: LHB Brad Mosley
|
0-0: Ball 1-0: Grounds into fielders choice 4-2 (Groundball, 4) Héctor Amaya to third Louis Teague to second
|
Batting: RHB Domingo Morín
|
0-0: Ball 1-0: Ball 2-0: Ball 3-0: Called Strike 3-1: Fly out, F7 (Flyball, 7D)
|
Top of the 6th over - 0 runs, 1 hit, 0 errors, 3 left on base; Connetquot 1 - Athletic Club KC 2 |
BOTTOM OF THE 6TH |
Athletic Club KC U-21 batting - Pitching for Connetquot Chiefs : RHP Júlio González
|
Batting: LHB Loo Liu
|
0-0: Called Strike 0-1: Foul Ball, location: 2F 0-2: Fly out, F7 (Flyball, 7S)
|
Batting: RHB Jihan Tuah
|
0-0: Ball 1-0: Foul Ball, location: 2F 1-1: Fly out, F9 (Flyball, 89S)
|
Batting: RHB Jon Hall
|
0-0: Foul Ball, location: 2F 0-1: Ball 1-1: Ball 2-1: Ball 3-1: Swinging Strike 3-2: Base on Balls
|
Batting: RHB Gabriel Camparán
|
0-0: Ball 1-0: Ball 2-0: Ball 3-0: Called Strike 3-1: Fly out, F7 (Flyball, 7LMF)
|
Bottom of the 6th over - 0 runs, 0 hits, 0 errors, 1 left on base; Connetquot 1 - Athletic Club KC 2 |
TOP OF THE 7TH |
Connetquot Chiefs batting - Pitching for Athletic Club KC U-21 : RHP César Muńóz
|
Now in RF: José Torres
|
|
Batting: RHB António Ortíz
|
0-0: Called Strike 0-1: Foul Ball, location: 2F 0-2: Ball 1-2: Ball 2-2: Fly out, F9 (Flyball, 9S)
|
Batting: LHB Travis Grigor
|
0-0: Ball 1-0: Foul Ball, location: 2F 1-1: Ball 2-1: Called Strike 2-2: Ball 3-2: Foul Ball, location: 2F 3-2: Fly out, F8 (Flyball, 8LM)
|
Batting: LHB Carlos Campos
|
0-0: Ball 1-0: Ball 2-0: Foul Ball, location: 2F 2-1: SINGLE (Groundball, 56D)
|
Batting: LHB Divine Diablo
|
0-0: Called Strike 0-1: Ball 1-1: DOUBLE (Line Drive, 9LS) Carlos Campos to third
|
Batting: RHB Dan Chrzan
|
0-0: Called Strike 0-1: Ball 1-1: Fly out, F7 (Flyball, 7S)
|
Top of the 7th over - 0 runs, 2 hits, 0 errors, 2 left on base; Connetquot 1 - Athletic Club KC 2 |
BOTTOM OF THE 7TH |
Athletic Club KC U-21 batting - Pitching for Connetquot Chiefs : RHP Júlio González
|
Batting: RHB Bobby McFillin
|
0-0: Fly out, F3 (Popup, 3SF)
|
Batting: RHB Juan Jose Rangel
|
0-0: Foul Ball, location: 2F 0-1: Ball 1-1: Ball 2-1: Fly out, F8 (Flyball, 8RD)
|
Batting: RHB Mario Truxillo
|
0-0: Foul Ball, location: 2F 0-1: Swinging Strike 0-2: Ball 1-2: Foul Ball, location: 2F 1-2: Ball 2-2: Strikes out looking
|
Bottom of the 7th over - 0 runs, 0 hits, 0 errors, 0 left on base; Connetquot 1 - Athletic Club KC 2 |
TOP OF THE 8TH |
Connetquot Chiefs batting - Pitching for Athletic Club KC U-21 : RHP César Muńóz
|
Now at C: José García
|
|
Batting: RHB Héctor Amaya
|
0-0: Ball 1-0: Foul Ball, location: 2F 1-1: Ball 2-1: Foul Ball, location: 2F 2-2: Foul Ball, location: 2F 2-2: Strikes out swinging
|
Batting: RHB Louis Teague
|
0-0: Swinging Strike 0-1: Called Strike 0-2: Strikes out looking
|
Batting: LHB Brad Mosley
|
0-0: Ball 1-0: Ball 2-0: Called Strike 2-1: Foul Ball, location: 2F 2-2: Fly out, F9 (Flyball, 9S)
|
Top of the 8th over - 0 runs, 0 hits, 0 errors, 0 left on base; Connetquot 1 - Athletic Club KC 2 |
BOTTOM OF THE 8TH |
Athletic Club KC U-21 batting - Pitching for Connetquot Chiefs : RHP Júlio González
|
Batting: RHB Bing-zhong Wu
|
0-0: Fly out, F9 (Flyball, 9S)
|
Batting: RHB José Hernández
|
0-0: Ball 1-0: Ground out 4-3 (Groundball, 4)
|
Batting: LHB Loo Liu
|
0-0: Ball 1-0: Ball 2-0: Called Strike 2-1: Ball 3-1: Foul Ball, location: 2F 3-2: Ground out 6-3 (Groundball, 56D)
|
Bottom of the 8th over - 0 runs, 0 hits, 0 errors, 0 left on base; Connetquot 1 - Athletic Club KC 2 |
TOP OF THE 9TH |
Connetquot Chiefs batting - Pitching for Athletic Club KC U-21 : RHP César Muńóz
|
Batting: RHB Domingo Morín
|
0-0: Fly out, F5 (Popup, 25)
|
Pinch Hitting: LHB Govaart Pleijt
|
0-0: Called Strike 0-1: Foul Ball, location: 2F 0-2: Foul Ball, location: 2F 0-2: Ball 1-2: Ball 2-2: Strikes out looking
|
Batting: LHB Travis Grigor
|
0-0: Called Strike 0-1: Ground out 5-3 (Groundball, 56)
|
Top of the 9th over - 0 runs, 0 hits, 0 errors, 0 left on base; Connetquot 1 - Athletic Club KC 2 |
|